 Dungeon Crawl Stone Soup version 0.25.1-8-g42b30a86e7 (webtiles) character file.

Game seed: 14627071913502250321

1321 hawla the Conjurer (level 8, -1/69 HPs)
             Began as a Yellow Draconian Conjurer on Dec 10, 2020.
             Slain by a bullfrog (4 damage)
             ... in the Ecumenical Temple.
             The game lasted 00:21:01 (6253 turns).

hawla the Conjurer (Yellow Draconian Conjurer)      Turns: 6253, Time: 00:21:02

Health: -1/69      AC: 14    Str:  8    XL:     8   Next: 33%
Magic:  1/14       EV: 12    Int: 18    God:
Gold:   129        SH:  0    Dex: 12    Spells: 8/15 levels left

rFire    + . .     SeeInvis .   h - staff of death
rCold    + . .     Gourm    .   (no shield)
rNeg     + . .     Faith    .   (armour unavailable)
rPois    .         Spirit   .   g - +2 hat
rElec    .         Reflect  .   a - +2 cloak
rCorr    +         Harm     .   (no gloves)
MR       .....                  m - +2 pair of boots
Stlth    ++........             t - amulet of the acrobat
HPRegen  0.21/turn              d - ring of protection from fire
MPRegen  0.14/turn              k - ring of protection from cold

@: lightly drained
A: spit acid, unfitting armour, talons 1, robust 1, weak 1, cold-blooded, acid
resistance, AC +6
a: Breathe Acid


You were in the Ecumenical Temple.
You were hungry.

You visited 2 branches of the dungeon, and saw 7 of its levels.

You collected 276 gold pieces.
You spent 147 gold pieces at shops.

Inventory:

Missiles
 c - 2 silver boomerangs (quivered)
 l - 7 curare-tipped darts
Armour
 a - a +2 cloak (worn)
 g - a +2 hat (worn)
 m - a +2 pair of boots (worn)
Magical Staves
 h - an uncursed staff of death (weapon)
Jewellery
 d - a ring of protection from fire (left hand)
 e - an uncursed ring of see invisible {unknown}
 k - a ring of protection from cold (right hand)
 t - an amulet of the acrobat (around neck)
Scrolls
 f - 2 scrolls of remove curse
 j - a scroll of magic mapping
 o - a scroll of teleportation
 q - 2 scrolls of identify
 r - a scroll of enchant weapon
Potions
 s - 2 potions of flight
Comestibles
 b - 13 rations


   Skills:
 + Level 3.3(2.7) Fighting
 - Level 1.7(1.2) Dodging
 - Level 1.7(1.2) Stealth
 - Level 4.0(3.5) Spellcasting
 - Level 7.3(6.6) Conjurations
 - Level 6.1(5.5) Translocations


You had 8 spell levels left.
You knew the following spells:

 Your Spells              Type           Power        Failure   Level  Hunger
a - Magic Dart            Conj           ####         1%          1    None
b - Searing Ray           Conj           ####..       1%          2    ##.....
c - Iskenderun's Mystic   Conj/Tloc      ####....     12%         4    ####...

Your spell library contained the following spells:

 Spells                   Type           Power        Failure   Level  Hunger
 Dazzling Flash           Conj/Hex       ###...       12%         3    ###....
 Fulminant Prism          Conj/Hex       ###.......   36%         4    ####...


Dungeon Overview and Level Annotations

Branches:
Dungeon (6/15)             Temple (1/1) D:6

Altars:
Zin

Shops:
D:5 [   D:6 *


Innate Abilities, Weirdness & Mutations

You can spit globs of acid.
Your golden yellow scales are hard. (AC +6)
You cannot fit into any form of body armour.
You are cold-blooded and may be slowed by cold attacks.
You are resistant to acid. (rCorr)
You have sharp toenails.
You are robust. (+10% HP)
You are weak. (Str -2)


Message History

The bullfrog is almost dead.
The bullfrog hits you but does no damage.
The bullfrog misses you.
You barely miss the bullfrog.
The bullfrog is almost dead.
The bullfrog closely misses you.
You barely miss the bullfrog.
The bullfrog is almost dead.
The bullfrog misses you.
The bullfrog hits you but does no damage.
Casting: Magic Dart (safe; 1% risk of failure)
Confirm with . or Enter, or press ? or * to list all spells.
Aiming: Magic Dart (safe; 1% risk of failure)
Press: ? - help, Shift-Dir - straight line, f/p - bullfrog
Aim: a bullfrog (almost dead)
The magic dart hits the bullfrog.
The bullfrog is almost dead.
The bullfrog hits you but does no damage.
The bullfrog hits you.
You die...

♣♣♣♣♣♣ P...♣.
......
...P..♣♣♣♣
.........♣♣♣
....P......♣♣
♣P..P.P.....♣♣
P.PP..@.....♣
...P.P.F.....♣
.P.........♣♣♣
.....P.♣♣♣♣♣
...♣♣♣♣ ♣♣


You could see a bullfrog.

Vanquished Creatures
  3 ice beasts (D:5)
  A phantom (D:4)
  An ogre (D:6)
  A bullfrog (D:6)
  2 howler monkeys
  A wight (D:6)
  2 crimson imps
  A quasit (D:6)
  A bullfrog zombie (D:6)
  A hound (D:6)
  An orc priest (D:5)
  A centaur skeleton (D:5)
  Jessica (D:2)
  Terence (D:2)
  Natasha (thrice) (D:3)
  3 worker ants
  2 hound skeletons (D:6)
  7 gnolls
  6 adders
  2 shadow imps (D:6)
  3 worms
  A dart slug (D:1)
  3 leopard geckos
  13 orcs
  3 ball pythons
  9 bats
  5 giant cockroaches
  7 goblins
  5 hobgoblins
  3 jackals (D:1)
  4 quokkas
  6 frilled lizards
  A jackal zombie (D:6)
  7 kobolds
  A quokka skeleton (D:5)
  9 rats
121 creatures vanquished.

Vanquished Creatures (others)
  4 toadstools (D:1)
4 creatures vanquished.

Grand Total: 125 creatures vanquished

Notes
Turn   | Place    | Note
-------+----------+-------------------------------------------
     0 | D:1      | hawla the Draconian Conjurer began the quest for the Orb.
     0 | D:1      | Reached XP level 1. HP: 14/14 MP: 3/3
   403 | D:1      | Reached XP level 2. HP: 20/20 MP: 0/5
   407 | D:1      | Learned a level 2 spell: Searing Ray
  1255 | D:2      | Reached XP level 3. HP: 21/26 MP: 1/7
  1469 | D:2      | Noticed Jessica
  1472 | D:2      | Killed Jessica
  1539 | D:2      | Reached XP level 4. HP: 33/33 MP: 7/10
  1545 | D:2      | Learned a level 4 spell: Iskenderun's Mystic Blast
  1585 | D:2      | Noticed Terence
  1621 | D:2      | Killed Terence
  1621 | D:2      | Reached skill level 1 in Translocations
  2290 | D:3      | Noticed Natasha
  2297 | D:3      | Killed Natasha
  2297 | D:3      | Reached XP level 5. HP: 27/38 MP: 6/11
  2312 | D:3      | Noticed Natasha
  2318 | D:3      | Killed Natasha
  2323 | D:3      | Noticed Natasha
  2329 | D:3      | Gained mutation: You are somewhat resistant to further
                  | mutation. [potion of mutation]
  2340 | D:3      | Killed Natasha
  2969 | D:3      | Reached XP level 6. HP: 44/45 MP: 5/12
  3230 | D:3      | You fall into a shaft and drop 3 floors!
  3307 | D:6      | Found Zom Nan's Assorted Antiques.
  3326 | D:6      | Reached skill level 5 in Conjurations
  3437 | D:6      | Your scales start taking on a golden yellow colour.
  3437 | D:6      | Reached XP level 7. HP: 38/50 MP: 1/13
  3437 | D:6      | Gained mutation: You are resistant to acid. (rCorr) [Yellow
                  | Draconian growth]
  3558 | D:5      | Entered Level 5 of the Dungeon
  3590 | D:5      | Found a glowing silver altar of Zin.
  3608 | D:5      | Found Qutoopuo's Antique Armour Boutique.
  3618 | D:5      | Reached skill level 6 in Conjurations
  3684 | D:5      | Bought a glowing hat for 147 gold pieces
  3830 | D:5      | Reached skill level 5 in Translocations
  5347 | D:5      | Reached skill level 7 in Conjurations
  5400 | D:5      | Reached XP level 8. HP: 57/57 MP: 9/14
  5836 | D:5      | Reached skill level 1 in Fighting
  6131 | D:6      | Found a staircase to the Ecumenical Temple.
  6214 | D:6      | Lost mutation: You are somewhat resistant to further
                  | mutation. [potion of mutation]
  6214 | D:6      | Gained mutation: You have sharp toenails. [potion of
                  | mutation]
  6214 | D:6      | Gained mutation: You are weak. (Str -2) [potion of
                  | mutation]
  6214 | D:6      | Gained mutation: You are robust. (+10% HP) [potion of
                  | mutation]
  6237 | Temple   | Entered the Ecumenical Temple
  6248 | Temple   | HP: 1/69 [bullfrog (8)]
  6253 | Temple   | Slain by a bullfrog

Illustrated notes

Levels and vault maps discovered:
D:1:      ldierk_walled_garden_2, layout_rooms
D:2:      layout_basic, uniq_terence, uniq_jessica
D:3:      layout_rooms, uniq_natasha
D:4:      layout_loops_corners
D:5:      layout_basic, nicolae_overflow_crystal_walls, first_ration,
          serial_shops, shop, serial_glass, glass_columns_c, glass_columns_b
D:6:      layout_cave_pools, minmay_temple_entry_statues_fountains,
          serial_shops, shop, uniq_menkaure
Temple:   kilobyte_greek_temple

Skill      XL: |  1  2  3  4  5  6  7  8 |
---------------+-------------------------+-----
Spellcasting   | 3 4 |  4.0
Translocations | 2 3 4 5 6 |  6.1
Conjurations   | 5 7 |  7.3
Fighting       | 3 |  3.3
Dodging        | |  1.7
Stealth        | |  1.7

Action                   |  1- 3 |  4- 6 |  7- 9 || total
-------------------------+-------+-------+-------++-------
Melee: Unarmed           |    33 |    68 |       ||   101
       Tailslap          |     3 |    11 |     2 ||    16
       Whip              |       |    48 |       ||    48
       Staff             |       |     1 |    22 ||    23
Throw: Boomerang         |     4 |       |       ||     4
 Cast: Magic Dart        |    34 |    37 |    42 ||   113
       Searing Ray       |    12 |    36 |    34 ||    82
       Iskenderun's Myst |       |       |     6 ||     6
 Abil: Breathe Acid      |       |       |     1 ||     1
  Use: Scroll            |     7 |     1 |     5 ||    13
       Potion            |     2 |     7 |     2 ||    11
  Eat: Chunk             |     3 |     7 |    10 ||    20
Armor: Skin              |    20 |    85 |    31 ||   136
Dodge: Dodged            |    48 |   135 |    84 ||   267
